 Dungeon Crawl Stone Soup version 0.32-a0-779-g362cfcae2a (webtiles) character file.

Game seed: 4571145840190952041

6108 kae the Carver (level 10, 0/82 HPs)
             Began as a Coglin Gladiator on Mar 19, 2024.
             Killed from afar by an acid dragon (18 damage)
             ... with a splash of acid
             ... on level 9 of the Dungeon.
             The game lasted 00:07:40 (8793 turns).

kae the Carver (Coglin Gladiator)                   Turns: 8793, Time: 00:07:40

Health: 0/82       AC:  1    Str: 14    XL:     10   Next: 89%
Magic:  10/10      EV: 12    Int:  8    God:
Gold:   56         SH:  0    Dex: 20    Spells: 9/9 levels left

rFire   . . .        a - +2 long sword {Beorhtric}
rCold   . . .        F - +5 falchion (freeze) {Kanehira}
rNeg    . . .        b - +0 leather armour
rPois   .            c - +1 helmet
rElec   .            (no cloak)
rCorr   .            (no gloves)
SInv    .            (no boots)
Will    .....        (amulet unavailable)
Stlth   +            (ring unavailable)
HPRegen 0.33/turn    (ring unavailable)
MPRegen 0.12/turn    (no gizmo)

%: no passive effects
@: corroded, revved
A: off-hand wielding, slow wielding, warmup strikes, no jewellery
a: Invent Gizmo


You were on level 9 of the Dungeon.
You visited 2 branches of the dungeon, and saw 10 of its levels.

You collected 509 gold pieces.
You spent 453 gold pieces at shops.


Innate Abilities, Weirdness & Mutations

You can wield a second weapon in your off-hand.
It takes a long time for you to wield or remove held weapons.
Your first few attacks do less damage.
You cannot equip rings or amulets.


   Skills:
 + Level 8.5 Fighting
 - Level 14.0 Long Blades
 - Level 1.7 Throwing
 - Level 2.6 Dodging


You had 9 spell levels left.
You didn't know any spells.
Your spell library contained the following spells:

 Spells                   Type           Power      Damage    Failure   Level
 Freeze                   Ice            0%         1d3       50%         1
 Magic Dart               Conj           0%         1d3       50%         1
 Necrotise                Necr           0%         1d4       50%         1
 Summon Small Mammal      Summ           0%         N/A       50%         1
 Searing Ray              Conj           0%         2d4       63%         2
 Call Canine Familiar     Summ           0%         N/A       86%         3
 Frozen Ramparts          Ice            0%         1d1       86%         3
 Hailstorm                Conj/Ice       0%         3d5       86%         3
 Passwall                 Erth           0%         N/A       86%         3
 Stone Arrow              Conj/Erth      0%         3d7       86%         3
 Vampiric Draining        Necr           0%         2d6       86%         3
 Volatile Blastmotes      Fire/Tloc      0%         2d10      86%         3
 Animate Armour           Summ/Erth      0%         N/A       99%         4
 Cause Fear               Hex            0%         N/A       99%         4
 Fulminant Prism          Conj/Alch      0%         3d5       99%         4
 Martyr's Knell           Necr/Summ      0%         N/A       99%         4
 Olgreb's Toxic Radiance  Alch           0%         N/A       99%         4
 Summon Blazeheart Golem  Fire/Summ      0%         N/A       99%         4
 Curse of Agony           Necr           0%         N/A       100%        5
 Fireball                 Conj/Fire      0%         3d3       100%        5
 Bombard                  Conj/Erth      0%         9d1       100%        6
 Ozocubu's Refrigeration  Ice            0%         4d7       100%        7
 Discord                  Hex            0%         N/A       100%        8
 Lehudib's Crystal Spear  Conj/Erth      0%         10d2      100%        8
 Dragon's Call            Summ           0%         N/A       100%        9

Inventory:

Hand Weapons
 a - a +2 long sword (weapon) {Beorhtric}
 f - a +0 dagger {Yan}
 v - a +0 falchion {Kazuki}
   (You took it off an orc on level 7 of the Dungeon)
 F - a +5 falchion of freezing (offhand) {Kanehira}
   (You took it off a wight on level 9 of the Dungeon)
Missiles
 d - 3 throwing nets (quivered) {=f!f}
 e - a javelin
 h - 4 boomerangs
 k - 29 poisoned darts
 m - 53 stones
Armour
 b - a +0 leather armour (worn)
 c - a +1 helmet (worn)
Magical Staves
 C - a staff of conjuration {!a}
   (You found it on level 8 of the Dungeon)
Jewellery
 g - an amulet of regeneration
   (You found it on level 7 of the Dungeon)
 w - an amulet of reflection
   (You took it off an orc on level 8 of the Dungeon)
 E - a +5 ring of evasion
   (You found it on level 9 of the Dungeon)
 R - a ring of resist corrosion
   (You found it on level 4 of the Dungeon)
Wands
 z - a wand of polymorph (15)
   (You found it on level 7 of the Dungeon)
 B - a wand of roots (6)
   (You took it off an orc wizard on level 9 of the Dungeon)
Scrolls
 i - a scroll of teleportation {@r4}
 o - 2 scrolls of blinking {!r}
 p - 5 scrolls of identify {@r1}
 q - a scroll of fear
 r - 2 scrolls of poison {!r}
 u - 2 scrolls of vulnerability {!r!r}
 x - a scroll of immolation {!r!r}
 y - 3 scrolls of enchant armour
 D - a scroll of brand weapon
Potions
 j - a potion of mutation {unknown}
 l - a potion of degeneration {!q}
 n - a potion of attraction {!q}
 s - a potion of ambrosia
 t - a potion of curing {@q1}
 A - 2 potions of brilliance

Dungeon Overview and Level Annotations

Branches:
Dungeon (9/15) Zot: 25660  Temple (1/1) D:7 Zot: 5998
   Lair: D:8-11         Orc: D:9-12

Altars:
Ashenzari
Dithmenos
Elyvilon
Fedhas
Gozag
Hepliaklqana
Kikubaaqudgha
Makhleb
Nemelex Xobeh
Qazlal
Ru
Sif Muna
Trog
Uskayaw
Vehumet
Wu Jian
Xom
Yredelemnul
Zin
The Shining One
Lugonu

Shops:
D:1 :(?*   D:4 ?   D:5 (

Annotations:
D:4 3 runed translucent doors, Wrinkly's ghost, amateur MiBe; alantwelve's ghost, amateur MiGl

.....# #.............###..#.#..
###### ..............#.#.##.##.
...............#.#_#...#_
...............#.###...##
....@...........#...#..... .....
.........#...#..... ......
#....##'........... .......#
#..D.#.....#.#.#.#. ####'#....#
#.@..#....#########
.....#....###+#....#.....#.#...#.
>....'.............#..#.##.#.#โ€
##
.....#.........#######...'.#.#รท'.
.....#.........# #.....##.#โ‰ˆ#.##
.....#.........# #......#...#.#.
...###.........# #####.#########
...#####.....##########..#.#.#.#.
....#..#.....#...................


You could see an acid dragon (catching breath).


Message History

You slash the orc wizard with your +5 falchion of freezing!
You freeze the orc wizard.
You kill the orc wizard!
The orc hits you but does no damage.
Things that are here:
a +0 dagger; a +0 robe; an orc corpse; ๐Ÿ˜• HP[+1]
An orc is nearby!
You barely miss the orc with your +5 falchion of freezing.
You slash the orc with your +2 long sword!
You kill the orc!
No target in view!
Things that are here:
a +0 dagger; an orc corpse
There is an open door here.
Things that are here:
a +0 dagger; an orc corpse
Things that are here:
a +0 dagger; a +0 robe; an orc corpse
There is an open door, spattered with blood here.
Things that are here:
a +0 dagger; a +0 robe; an orc corpse Key pressed, stopping explore.
No target in view!
No target in view! ๐Ÿ˜Ž HP[+1]
Your hp is fully restored (82).
Things that are here:
a +0 war axe; an orc corpse
There is an open door here.
You open the door.
Key pressed, stopping explore.
No target in view!
No target in view!
There is an open door here.
y - 3 scrolls of enchant armour (gained 1)
There is an open door here.
There is an open door here.
Found a stone staircase leading down.
No target in view!
No target in view!
There is an open door here.
An acid dragon comes into view.
An acid dragon is nearby!
An acid dragon is nearby!
An acid dragon is nearby!
No reachable target in view!
No reachable target in view!
No reachable target in view!
No reachable target in view!
An acid dragon is nearby!
No reachable target in view!
No reachable target in view!
The acid dragon roars!
The acid dragon spits acid at you.
The splash of acid hits you!! ๐Ÿ˜ฎ HP[-21]
You take 21 damage, and now have 61/82 hp.
MASSIVE DAMAGE!! (PAUSE)
The acid dragon spits acid at you. The splash of acid hits you!
The acid corrodes you! ๐Ÿ˜ฎ HP[-14]
You take 14 damage, and now have 47/82 hp.
The acid dragon bites you!
* * * LOW HITPOINT WARNING * * *
The acid dragon claws you.
* * * LOW HITPOINT WARNING * * *
You are too injured to fight recklessly!
You are too injured to fight recklessly! ๐Ÿ˜จ HP[-19]
You take 19 damage, and now have 28/82 hp.
MASSIVE DAMAGE!! (PAUSE)
You hit the acid dragon but do no damage.
You barely miss the acid dragon with your +5 falchion of freezing.
You closely miss the acid dragon with your +5 falchion of freezing.
You slash the acid dragon with your +2 long sword!
The acid dragon bites you!
* * * LOW HITPOINT WARNING * * *
The acid dragon closely misses you. ๐Ÿ˜จ HP[-7]
You take 7 damage, and now have 21/82 hp.
Unknown command.
You barely miss the acid dragon with your +2 long sword.
You hit the acid dragon with your +5 falchion of freezing.
You freeze the acid dragon. The acid dragon barely misses you.
The acid dragon claws you.
* * * LOW HITPOINT WARNING * * *
๐Ÿ˜ฑ HP[-3]
You take 3 damage, and now have 18/82 hp.
You closely miss the acid dragon with your +5 falchion of freezing.
You hit the acid dragon but do no damage.
You hit the acid dragon but do no damage.
You hit the acid dragon with your +2 long sword.
The acid dragon misses you.
The acid dragon claws you but does no damage.
You hit the acid dragon with your +5 falchion of freezing.
You freeze the acid dragon.
You hit the acid dragon but do no damage.
The acid dragon spits acid at you. The splash of acid hits you!!
You die...

Skill      XL: |  1  2  3  4  5  6  7  8  9 10 |
---------------+-------------------------------+-----
Long Blades    | 4 5 6 7 9 11 14 | 14.0
Fighting       | 4 8 |  8.5
Throwing       | |  1.7
Dodging        | |  2.6

Action                     |  1- 3 |  4- 6 |  7- 9 | 10-12 || total
---------------------------+-------+-------+-------+-------++-------
  Melee: Long sword        |   126 |   106 |   207 |    96 ||   535
         Dagger            |   115 |   102 |    88 |       ||   305
         Falchion          |       |       |   113 |    90 ||   203
  Evoke: Wand              |       |       |     8 |     2 ||    10
    Use: Scroll            |     6 |     3 |     5 |       ||    14
         Potion            |       |     2 |     1 |     1 ||     4
   Stab: Sleeping          |     2 |     2 |       |       ||     4
         Distracted        |     2 |       |       |       ||     2
 Armour: Leather armour    |    39 |    90 |   166 |    41 ||   336
         Skin              |       |     8 |       |     7 ||    15
  Dodge: Dodged            |    36 |    75 |   128 |    19 ||   258

Levels and vault maps discovered:
D:1:      lightli_arrival_maybe_door_vault, layout_basic, serial_forest,
          infiniplex_forest_clump_curved, infiniplex_forest_clump_curved,
          infiniplex_forest_straight_4, infiniplex_forest_lined_room_3,
          infiniplex_forest_clump_small, infiniplex_forest_side_room,
          infiniplex_forest_clump_small, infiniplex_forest_end_1, serial_shops,
          shop, nicolae_shop_gibbet_a_chance, shop_statue,
          nicolae_shop_tiny_waterfront
D:2:      layout_loops_ring
D:3:      layout_loops_ring, nicolae_uskayaw_murder_on_the_dancefloor,
          xom_teletrap_fun, ebering_ecumenical_altar_box,
          kennysheep_generic_room_14
D:4:      layout_cave_pools, lemuel_doored_altar, serial_shops, shop,
          gammafunk_ghost_cemetery
D:5:      layout_basic, grunt_temple_overflow_opulence,
          grunt_temple_overflow_forces_of_nature, serial_shops,
          nicolae_shop_rolling_square, grunt_decor_one_mirror, uniq_eustachio
D:6:      layout_gridville, overflow_temple_1_default, uniq_grinder
D:7:      layout_rooms, nicolae_tso_besieged_by_evil,
          minmay_temple_entry_stoned_glass
D:8:      layout_rooms, uniq_pikel, uniq_psyche
D:9:      layout_gridville, mainiacjoe_overflow_alcove_2,
          minmay_overflow_temple_star_hex, hex_tiny, hangedman_decor_riveting,
          onia_ninara_cookie, uniq_maggie
Temple:   corrupted_temple

Notes
Turn   | Place    | Note
-------+----------+-------------------------------------------
     0 | D:1      | kae the Coglin Gladiator began the quest for the Orb.
     0 | D:1      | Reached XP level 1. HP: 16/16 MP: 1/1
     0 | D:1      | magus.rc [v1.11.3]
     3 | D:1      | Found Ahup's Weapon Shop.
    51 | D:1      | Found Ygoj's Book Shoppe.
   141 | D:1      | Reached XP level 2. HP: 21/22 MP: 2/2
   233 | D:1      | Found Plog's Magic Scroll Shop.
   301 | D:1      | You pick up a book of Conjurations and begin reading...
   301 | D:1      | You add the spells Magic Dart, Searing Ray and Fulminant
                  | Prism to your library.
   309 | D:1      | You pick up a book of Movement and begin reading...
   309 | D:1      | You add the spells Passwall, Volatile Blastmotes and
                  | Bombard to your library.
   547 | D:1      | Found Fatieb's General Store.
   581 | D:1      | Bought a scroll of identify for 20 gold pieces
   874 | D:2      | Reached skill level 4 in Long Blades
   935 | D:2      | Reached XP level 3. HP: 27/27 MP: 3/3
   941 | D:2      | You add the spells Olgreb's Toxic Radiance, Ozocubu's
                  | Refrigeration and Discord to your library.
  1028 | D:2      | You pick up a book of the Dragon and begin reading...
  1028 | D:2      | You add the spells Cause Fear, Fireball and Dragon's Call
                  | to your library.
  1152 | D:2      | You pick up a book of Callings and begin reading...
  1152 | D:2      | You add the spells Summon Small Mammal, Call Canine
                  | Familiar and Summon Blazeheart Golem to your library.
  1600 | D:3      | Found a shimmering altar of Xom.
  1620 | D:3      | Found a faded altar of an unknown god.
  1723 | D:3      | Found a hide-covered altar of Uskayaw.
  1807 | D:3      | Reached XP level 4. HP: 33/33 MP: 4/4
  2160 | D:4      | You pick up a book of Armaments and begin reading...
  2160 | D:4      | You add the spells Stone Arrow, Animate Armour and
                  | Lehudib's Crystal Spear to your library.
  2176 | D:4      | Found a runed translucent gate.
  2177 | D:4      | Found a runed translucent gate.
  2178 | D:4      | Found a runed translucent gate.
  2183 | D:4      | Reached skill level 5 in Long Blades
  2199 | D:4      | You pick up a book of Necromancy and begin reading...
  2199 | D:4      | You add the spells Necrotise, Vampiric Draining, Martyr's
                  | Knell and Curse of Agony to your library.
  2375 | D:4      | Found a white marble altar of Elyvilon.
  2417 | D:5      | Entered Level 5 of the Dungeon
  2421 | D:5      | Reached XP level 5. HP: 27/38 MP: 5/5
  2427 | D:5      | HP: 9/38 [something (1)]
  2433 | D:5      | HP: 12/57 [something (1)]
  2441 | D:5      | Reached skill level 6 in Long Blades
  2814 | D:4      | Reached XP level 6. HP: 17/44 MP: 6/6
  2815 | D:4      | HP: 11/44 [something (2)]
  3011 | D:4      | Found Afrynt's Magic Scroll Boutique.
  3019 | D:4      | Bought a scroll of blinking for 82 gold pieces
  3019 | D:4      | Bought a scroll of fear for 44 gold pieces
  3019 | D:4      | Bought a scroll of identify for 22 gold pieces
  3127 | D:4      | Noticed Wrinkly's ghost (amateur MiBe)
  3127 | D:4      | Noticed alantwelve's ghost (amateur MiGl)
  3301 | D:4      | Reached skill level 7 in Long Blades
  3511 | D:5      | Found Kiesuq's Antique Weapon Boutique.
  3648 | D:5      | Noticed Eustachio
  3691 | D:5      | Reached XP level 7. HP: 33/50 MP: 7/7
  3825 | D:5      | Reached skill level 8 in Long Blades
  4056 | D:5      | HP: 7/50 [Eustachio/+0 rapier (8)]
  4058 | D:5      | HP: 2/50 [ufetubus[Eustachio] (3)]
  4059 | D:5      | Killed Eustachio
  4262 | D:5      | Found a stormy altar of Qazlal.
  4271 | D:5      | Found a blossoming altar of Fedhas.
  4319 | D:5      | Found a sparkling altar of Nemelex Xobeh.
  4319 | D:5      | Found an opulent altar of Gozag.
  4538 | D:6      | Reached skill level 9 in Long Blades
  4662 | D:6      | Found a bloodstained altar of Trog.
  4668 | D:6      | Reached XP level 8. HP: 32/56 MP: 8/8
  5155 | D:6      | Noticed Grinder
  5172 | D:6      | Killed Grinder
  5173 | D:6      | Reached skill level 10 in Long Blades
  5603 | D:6      | You pick up a book of Frost and begin reading...
  5603 | D:6      | You add the spells Freeze, Frozen Ramparts and Hailstorm to
                  | your library.
  5648 | D:7      | Reached skill level 11 in Long Blades
  5965 | D:7      | Found a glowing golden altar of the Shining One.
  5978 | D:7      | Reached XP level 9. HP: 55/61 MP: 9/9
  6143 | D:7      | Found a staircase to the Ecumenical Temple.
  6405 | Temple   | Entered the Ecumenical Temple
  6696 | D:8      | Reached skill level 12 in Long Blades
  7015 | D:8      | Noticed Pikel
  7035 | D:8      | Killed Pikel
  7036 | D:8      | Reached skill level 13 in Long Blades
  7227 | D:8      | Noticed Psyche
  7237 | D:8      | Killed Psyche
  7544 | D:1      | Bought a scroll of blinking for 75 gold pieces
  7544 | D:1      | Bought a scroll of brand weapon for 95 gold pieces
  7544 | D:1      | Bought a scroll of enchant armour for 75 gold pieces
  7544 | D:1      | Bought a scroll of identify for 20 gold pieces
  7544 | D:1      | Bought a scroll of identify for 20 gold pieces
  7745 | D:9      | Found a shadowy altar of Dithmenos.
  7750 | D:9      | Found a radiant altar of Vehumet.
  7750 | D:9      | Found a glowing silver altar of Zin.
  7761 | D:9      | Found a hazy altar of Hepliaklqana.
  7764 | D:9      | Found a basalt altar of Yredelemnul.
  7795 | D:9      | Noticed Maggie
  7837 | D:9      | Noticed a two-headed ogre
  7850 | D:9      | Killed a two-headed ogre
  7851 | D:9      | Reached skill level 14 in Long Blades
  7851 | D:9      | Reached skill level 4 in Fighting
  7851 | D:9      | Reached XP level 10. HP: 71/71 MP: 10/10
  7911 | D:9      | Reached skill level 5 in Fighting
  8225 | D:9      | Reached skill level 6 in Fighting
  8255 | D:9      | Reached skill level 7 in Fighting
  8517 | D:9      | Reached skill level 8 in Fighting
  8691 | D:9      | Killed Maggie
  8790 | D:9      | HP: 18/82 [acid dragon (3)]
  8793 | D:9      | Killed from afar by an acid dragon

Vanquished Creatures
  A two-headed ogre (D:9)
  Pikel (D:8)
  Maggie (D:9)
  Psyche (D:8)
  A hornet (D:9)
  Grinder (D:6)
  4 glass eyes (D:9)
  2 shadows (D:9)
  A wyvern (D:8)
  2 yaks (D:9)
  Eustachio (D:5)
  A water moccasin (D:9)
  A sky beast (D:6)
  An orc warrior (D:9)
  2 black bears
  5 centaurs
  A phantom (D:6)
  A kobold brigand (D:8)
  2 bullfrogs
  3 scorpions
  4 wights (D:9)
  4 howler monkeys (D:8)
  A bombardier beetle (D:6)
  A quasit (D:7)
  5 hounds
  A gnoll bouda (D:7)
  4 orc priests
  A sleepcap (D:8)
  An iguana (D:4)
  11 orc wizards
  4 adders
  4 gnolls (D:7)
  A white imp (D:7)
  2 ufetubi (D:5)
  A dart slug (D:5)
  23 orcs
  6 bats
  5 endoplasms
  A giant cockroach (D:1)
  5 goblins
  8 hobgoblins
  5 kobolds
  2 quokkas
  8 ball pythons
  A frilled lizard (D:2)
  A goblin zombie (D:7)
  3 hobgoblin zombies (D:7)
  4 kobold skeletons (D:7)
  An orc zombie (D:7)
  9 rats
160 creatures vanquished.

Table legend:
 A = Non-vault XP
 B = Vault XP
 C = Vault XP percentage of total XP
 D = Non-vault monster count
 E = Vault monster count
 F = Vault count percentage of total count
                 A         B        C        D         E       F
            +---------+---------+-------+---------+---------+-------
      Total |    3239 |    5488 |  62.9 |     128 |      32 |  20.0
            +---------+---------+-------+---------+---------+-------
        D:1 |      25 |       0 |   0.0 |      16 |       0 |   0.0
        D:2 |      32 |       0 |   0.0 |      13 |       0 |   0.0
        D:3 |      29 |       2 |   6.5 |      11 |       1 |   8.3
        D:4 |     185 |       0 |   0.0 |      13 |       0 |   0.0
        D:5 |     457 |     197 |  30.1 |      20 |       1 |   4.8
        D:6 |     859 |     267 |  23.7 |      12 |       1 |   7.7
        D:7 |     283 |      57 |  16.8 |      19 |      10 |  34.5
        D:8 |    1068 |    1017 |  48.8 |      17 |       2 |  10.5
        D:9 |     301 |    3948 |  92.9 |       7 |      17 |  70.8
            +---------+---------+-------+---------+---------+-------

Skill      XL: |  1  2  3  4  5  6  7  8  9 10 |
---------------+-------------------------------+-----
Long Blades    | 4 5 6 7 9 11 14 | 14.0
Fighting       | 4 8 |  8.5
Throwing       | |  1.7
Dodging        | |  2.6

Action                     |  1- 3 |  4- 6 |  7- 9 | 10-12 || total
---------------------------+-------+-------+-------+-------++-------
  Melee: Long sword        |   126 |   106 |   207 |    96 ||   535
         Dagger            |   115 |   102 |    88 |       ||   305
         Falchion          |       |       |   113 |    90 ||   203
  Evoke: Wand              |       |       |     8 |     2 ||    10
    Use: Scroll            |     6 |     3 |     5 |       ||    14
         Potion            |       |     2 |     1 |     1 ||     4
   Stab: Sleeping          |     2 |     2 |       |       ||     4
         Distracted        |     2 |       |       |       ||     2
 Armour: Leather armour    |    39 |    90 |   166 |    41 ||   336
         Skin              |       |     8 |       |     7 ||    15
  Dodge: Dodged            |    36 |    75 |   128 |    19 ||   258

Illustrated notes

Table legend:
 A = Kills in this place as a percentage of kills in the entire game.
 B = Kills by you in this place as a percentage of kills by you in the entire game.
 C = Kills by friends in this place as a percentage of kills by friends in the entire game.
 D = Other kills in this place as a percentage of other kills in the entire game.
 E = Experience gained in this place as a percentage of experience gained in the entire game.
 F = Experience gained in this place divided by the number of levels of this place that you have seen.
                   A       B       C       D       E      F
               +-------+-------+-------+-------+-------+----------------------
         Total | 100.0 | 100.0 |   N/A |   N/A | 100.0 | 872.7
       Dungeon | 100.0 | 100.0 |   N/A |   N/A | 100.0 | 969.7
               +-------+-------+-------+-------+-------+----------------------

Table legend: (Time is in decaauts)
 A = Elapsed time spent in this place.
 B = Non-inter-level travel time spent in this place.
 C = Inter-level travel time spent in this place.
 D = Time resting spent in this place.
 E = Time spent auto-exploring this place.
 F = Levels seen in this place.
 G = Mean time per level.
                   A        B        C        D        E       F      G
               +--------+--------+--------+--------+--------+-----+--------+
         Total |   8730 |   8347 |    383 |   1970 |   5126 |  10 |  873.0 |
       Dungeon |   8728 |   8347 |    381 |   1970 |   5126 |   9 |  969.8 |
        Temple |      1 |      0 |      1 |      0 |      0 |   1 |    1.0 |
               +--------+--------+--------+--------+--------+-----+--------+

Top non-repeatable levels by time:
     D:5: 1486 daAuts
     D:6: 1304 daAuts
     D:9: 1113 daAuts
     D:7: 1102 daAuts
     D:1: 898 daAuts
     D:4: 773 daAuts
     D:2: 748 daAuts
     D:8: 689 daAuts
     D:3: 612 daAuts
  Temple: 1 daAuts
